 Dungeon Crawl Stone Soup version 0.23.0-3-gf3c87f2 (webtiles) character file.

Game seed: 8017994933064084424

10329 MalarOregon the Spear-Bearer (level 11, -10/90 HPs)
             Began as a Merfolk Summoner on Feb 20, 2019.
             Was an Initiate of Gozag.
             Mangled by a four-headed hydra (13 damage)
             ... on level 12 of the Dungeon.
             The game lasted 00:53:28 (15507 turns).

MalarOregon the Spear-Bearer (Merfolk Summoner)    Turns: 15507, Time: 00:53:29

Health: -10/90     AC:  6    Str:  9    XL:     11   Next: 60%
Magic:  11/19      EV: 16    Int: 23    God:    Gozag
Gold:   769        SH:  0    Dex: 15    Spells: 8/21 levels left

rFire    . . .     SeeInvis .   w - +7 trident (flame)
rCold    . . .     Gourm    .   (no shield)
rNeg     . . .     Faith    .   a - +0 robe
rPois    .         Spirit   .   r - +0 helmet
rElec    .         Reflect  .   (no cloak)
rCorr    .         Harm     .   E - +2 pair of gloves
MR       .....                  (no boots)
Stlth    ++........             B - amulet of regeneration
HPRegen  0.65/turn              c - +3 ring of intelligence
MPRegen  0.16/turn              b - +3 ring of intelligence

@: no status effects
A: change form in water, swift swim, stealthy swim
a: Potion Petition, Call Merchant, Bribe Branch, Renounce Religion


You were on level 12 of the Dungeon.
You worshipped Gozag.
Gozag was pleased with you.
You were not hungry.

You visited 2 branches of the dungeon, and saw 13 of its levels.

You collected 1842 gold pieces.
You spent 996 gold pieces at shops.
You paid 77 gold pieces to Gozag.

Inventory:

Hand Weapons
 l - a +2 dagger of venom
   (You took it off a kobold on level 1 of the Dungeon)
 w - a +7 trident of flaming (weapon)
   (You took it off Robin on level 2 of the Dungeon)
 D - a +1 spear of venom
   (You found it on level 8 of the Dungeon)
 N - a +4 blowgun
   (You bought it in a shop on level 11 of the Dungeon)
Armour
 a - a +0 robe (worn)
 r - a +0 helmet (worn)
   (You found it on level 2 of the Dungeon)
 E - a +2 pair of gloves (worn)
   (You found it on level 10 of the Dungeon)
Jewellery
 b - a +3 ring of intelligence (right hand)
   (You found it on level 4 of the Dungeon)
 c - a +3 ring of intelligence (left hand)
   (You found it on level 1 of the Dungeon)
 k - an uncursed ring of ice
   (You found it on level 1 of the Dungeon)
 y - a +3 ring of dexterity
   (You took it off an orc on level 3 of the Dungeon)
 z - an uncursed ring of see invisible
   (You found it on level 5 of the Dungeon)
 B - an amulet of regeneration (around neck)
   (You found it on level 5 of the Dungeon)
Wands
 d - a wand of iceblast (8)
   (You found it on level 10 of the Dungeon)
 t - a wand of flame (28)
   (You took it off Robin on level 2 of the Dungeon)
 u - a wand of paralysis (13)
   (You found it on level 8 of the Dungeon)
 v - a wand of digging (10)
   (You found it on level 6 of the Dungeon)
 G - a wand of enslavement (16)
   (You found it on level 8 of the Dungeon)
 H - a wand of polymorph (19)
   (You took it off an orc on level 4 of the Dungeon)
Scrolls
 s - a scroll of magic mapping
 A - 6 scrolls of identify {@r1}
 F - 3 scrolls of immolation {!r}
 I - a scroll of enchant weapon
 K - a scroll of teleportation {@r4}
Potions
 f - 5 potions of curing {@q1}
 g - 2 potions of might
 h - a potion of ambrosia
 i - 2 potions of cancellation
 j - a potion of mutation {!q}
 m - 3 potions of lignification {!q}
 o - 3 potions of invisibility
 p - 2 potions of agility
 q - 2 potions of brilliance
 x - 5 potions of heal wounds {@q2}
 C - 2 potions of haste {@q3}
 M - a potion of resistance
Comestibles
 e - 6 rations {!d}


   Skills:
 + Level 9.8 Fighting
 + Level 11.2 Polearms
 - Level 5.9 Dodging
 - Level 2.1 Stealth
 + Level 5.7 Spellcasting
 + Level 7.1 Summonings
 - Level 7.3 Ice Magic
 - Level 5.5 Air Magic


You had 8 spell levels left.
You knew the following spells:

 Your Spells              Type           Power        Failure   Level  Hunger
c - Call Canine Familiar  Summ           #####...     1%          3    #......
d - Summon Ice Beast      Ice/Summ       #####...     4%          4    ###....
x - Call Imp              Summ           #####...     1%          2    None
z - Summon Lightning Spi  Summ/Air       #####...     6%          4    ###....

Your spell library contained the following spells:

 Spells                   Type           Power        Failure   Level  Hunger
 Summon Small Mammal      Summ           ####         1%          1    None
 Shock                    Conj/Air       ###.         2%          1    None
 Poisonous Vapours        Pois/Air       ###...       4%          2    None
 Swiftness                Chrm/Air       ###.....     4%          2    None
 Summon Guardian Golem    Hex/Summ       ###.....     6%          3    #......
 Animate Skeleton         Necr           N/A          9%          1    None
 Apportation              Tloc           #.....       9%          1    None
 Confusing Touch          Hex            #.....       9%          1    None
 Pain                     Necr           #...         9%          1    None
 Static Discharge         Conj/Air       ###.....     9%          3    #......
 Airstrike                Air            ####......   9%          4    ###....
 Mephitic Cloud           Conj/Pois/Air  ###.....     12%         3    #......
 Conjure Flame            Conj/Fire      #.......     26%         3    #......
 Regeneration             Chrm/Necr      #.........   26%         3    #......
 Vampiric Draining        Necr           #.........   26%         3    #......
 Lightning Bolt           Conj/Air       ###.......   61%         5    #####..
 Animate Dead             Necr           N/A          65%         4    ###....
 Freezing Cloud           Conj/Ice/Air   ####......   92%         6    ######.
 Ring of Flames           Chrm/Fire      #.........   100%        7    #######


Dungeon Overview and Level Annotations

Branches:
Dungeon (12/15)            Temple (1/1) D:7            Lair (0/6) D:10
    Orc (0/2) D:10

Altars:
Ashenzari
Cheibriados
Dithmenos
Elyvilon
Fedhas
Gozag
Hepliaklqana
Kikubaaqudgha
Makhleb
Nemelex Xobeh
Okawaru
Qazlal
Ru
Sif Muna
Trog
Uskayaw
Vehumet
Wu Jian
Xom
Yredelemnul
Zin
The Shining One

Shops:
D:4 %   D:11 *   D:12 %

Annotations:
D:12 3 runed translucent doors, xccam's ghost, journeyman GnWn


Message History

No target in view!
No target in view!
No target in view!
No target in view!
No target in view!
No target in view!
No target in view!
You now have 769 gold pieces (gained 17).
You open the door.
There is an open door here.
As you open the door, it creaks loudly!
There is an open door here.
There is an open door here.
Found four items.
Found an iron altar of Okawaru.
The orc warrior shouts!
The merfolk impaler shouts!
Xccam's ghost turns its malevolent gaze towards you.
You hear a shout!
The naga warrior shouts!
Xccam's ghost says, "I guess you can't buy your way into a good afterlife."
Found 31 gold pieces.
The merfolk javelineer shouts!
Key pressed, stopping explore.
There is an open door here.
A four-headed hydra comes into view.
A four-headed hydra is nearby!
A four-headed hydra is nearby!
Attack whom?
Aim: a four-headed hydra You reach to attack!
You hit the four-headed hydra. You burn the four-headed hydra.
An electric hum fills the air.
The four-headed hydra misses you. The four-headed hydra bites you.
The four-headed hydra bites you but does no damage.
The four-headed hydra bites you!
You hit the four-headed hydra. You burn the four-headed hydra.
The four-headed hydra bites you. x2
The four-headed hydra closely misses you.
The four-headed hydra bites you.
You hit the four-headed hydra. You burn the four-headed hydra.
The four-headed hydra bites you! The four-headed hydra bites you. x2
* * * LOW HITPOINT WARNING * * *
The four-headed hydra closely misses you.
A chill wind blows around you. The four-headed hydra bites you!
* * * LOW HITPOINT WARNING * * *
The four-headed hydra bites you!
* * * LOW HITPOINT WARNING * * *
The four-headed hydra bites you!
* * * LOW HITPOINT WARNING * * *
The four-headed hydra bites you!
You die...
Your body crumbles into a pile of gold.

..####### #.......# ### ###
#.......+ .. .. #.......# .. ..
#.......# .#.. #.<.....# ....
#.......###+#.#
####..........8.D#
...............Y@#
.................#
.................################
....#+#####......#...#...........
....#.....#......#......#########
....'.....#......'......#
....#.....#......########
....#######......#.....# ..
.................#.....#.....


You could see a four-headed hydra, a friendly ice beast and a friendly lightning
spire.

Vanquished Creatures
  2 two-headed ogres (D:11)
  An unseen horror (D:11)
  An ugly thing (D:11)
  A cyclops (D:11)
  A gargoyle (D:12)
  A centaur skeleton (D:12)
  A hornet (D:12)
  A hippogriff (D:9)
  A meliai zombie (D:11)
  3 yaks (D:9)
  2 wyverns
  A human (D:3)
  An acid dragon (D:12)
  4 orc warriors
  2 sky beasts
  A phantom (D:8)
  5 ice beasts
  3 ogres
  A wolf (D:8)
  2 centaurs
  2 crocodiles
  3 bullfrogs
  5 scorpions
  A water moccasin skeleton (D:6)
  3 howler monkeys
  A killer bee (D:10)
  A bullfrog zombie (D:5)
  3 centaur zombies
  3 crimson imps
  A quasit (D:10)
  2 jellies
  5 orc priests
  4 hounds
  A bullfrog skeleton (D:8)
  6 orc wizards
  An iron imp (D:6)
  2 iguanas
  Natasha (D:2)
  8 worker ants
  2 hound zombies
  A howler monkey zombie (D:6)
  9 adders
  2 shadow imps
  An adder zombie (D:8)
  An adder skeleton (D:8)
  A worm (D:2)
  A dart slug (D:2)
  4 leopard geckos
  49 orcs
  2 ball pythons
  3 giant cockroaches
  5 goblins
  10 hobgoblins
  7 quokkas
  6 bats
  7 frilled lizards
  A jackal skeleton (D:5)
  5 kobolds
  A leopard gecko skeleton (D:8)
  2 quokka skeletons (D:8)
  A quokka zombie (D:6)
  9 rats
218 creatures vanquished.

Vanquished Creatures (collateral kills)
  2 two-headed ogres
  The ghost of DungeonDestroyer the Slinger, a novice HaHu of Okawaru (D:7)
  An ugly thing (D:11)
  A hornet (D:9)
  A wyvern (D:8)
  Grum (D:8)
  A steam dragon (D:9)
  Menkaure (D:4)
  3 water moccasins
  A hornet zombie (D:11)
  4 orc warriors
  An ogre (D:10)
  A wolf (D:8)
  A scorpion (D:9)
  3 killer bees (D:10)
  3 crimson imps
  A centaur zombie (D:7)
  6 orc priests
  2 orc wizards
  A human skeleton (D:3)
  Ijyb (D:5)
  Natasha (twice) (D:2)
  2 worker ant zombies (D:9)
  Robin (D:2)
  A gnoll (D:1)
  4 adders
  2 oozes
  2 dart slugs (D:1)
  16 orcs
  2 bats
  10 goblins
  7 hobgoblins
  2 kobolds
  A frilled lizard (D:1)
  A kobold skeleton (D:3)
  4 rats
94 creatures vanquished.

Vanquished Creatures (others)
  An orc wizard (D:9)
  A leopard gecko (D:9)
2 creatures vanquished.

Grand Total: 314 creatures vanquished

Notes
Turn   | Place    | Note
-------+----------+-------------------------------------------
     0 | D:1      | MalarOregon the Merfolk Summoner began the quest for the
                  | Orb.
     0 | D:1      | Reached XP level 1. HP: 13/13 MP: 3/3
   282 | D:1      | Reached XP level 2. HP: 15/20 MP: 3/5
   653 | D:1      | Learned a level 2 spell: Call Imp
  1023 | D:1      | Reached skill level 1 in Fighting
  1216 | D:1      | Reached XP level 3. HP: 23/26 MP: 0/6
  1943 | D:2      | Found a hide-covered altar of Uskayaw.
  2078 | D:2      | Noticed Robin
  2397 | D:1      | Learned a level 3 spell: Call Canine Familiar
  2398 | D:2      | Noticed Natasha
  2405 | D:2      | Killed Natasha
  2526 | D:2      | Reached XP level 4. HP: 29/33 MP: 4/7
  2598 | D:2      | Noticed Natasha
  2607 | D:2      | Killed Natasha
  3080 | D:2      | Killed Robin
  3360 | D:2      | Noticed Natasha
  3370 | D:2      | Killed Natasha
  3370 | D:2      | Reached XP level 5. HP: 33/38 MP: 3/9
  3664 | D:3      | Noticed an orc warrior
  4003 | D:3      | Killed an orc warrior
  4011 | D:3      | Reached XP level 6. HP: 15/46 MP: 1/10
  4323 | D:3      | Reached skill level 5 in Summonings
  5056 | D:3      | Paralysed by fainting for 10 turns
  5305 | D:3      | Found a runed translucent door.
  5305 | D:3      | Noticed a human
  5309 | D:3      | Found a basalt altar of Yredelemnul.
  5589 | D:3      | Killed a human
  5589 | D:3      | Reached skill level 5 in Dodging
  5589 | D:3      | Reached XP level 7. HP: 29/52 MP: 12/12
  5803 | D:4      | Learned a level 4 spell: Summon Ice Beast
  5808 | D:4      | Learned a level 4 spell: Summon Lightning Spire
  6223 | D:4      | Found Esaas's Food Emporium.
  6400 | D:4      | Noticed Menkaure
  6749 | D:4      | Killed Menkaure
  7164 | D:5      | Entered Level 5 of the Dungeon
  7470 | D:5      | Noticed Ijyb
  7486 | D:5      | Killed Ijyb
  7486 | D:5      | Reached skill level 1 in Polearms
  7758 | D:5      | Reached skill level 1 in Ice Magic
  7854 | D:5      | Reached XP level 8. HP: 54/61 MP: 14/14
  7939 | D:5      | Reached skill level 2 in Polearms
  7939 | D:5      | Reached skill level 1 in Air Magic
  8608 | D:6      | Reached skill level 5 in Fighting
  8608 | D:6      | Reached skill level 3 in Polearms
  8764 | D:6      | Found an ornate altar of the Wu Jian Council.
  9010 | D:6      | Found a snail-covered altar of Cheibriados.
  9025 | D:6      | Reached skill level 4 in Polearms
  9436 | D:7      | Reached skill level 5 in Polearms
  9447 | D:7      | Reached XP level 9. HP: 36/69 MP: 10/15
  9467 | D:7      | Found a runed translucent door.
  9467 | D:7      | Noticed DungeonDestroyer's ghost (novice HaHu)
  9541 | D:7      | Found a staircase to the Ecumenical Temple.
  9560 | Temple   | Entered the Ecumenical Temple
  9761 | Temple   | Became a worshipper of Gozag Ym Sagoz the Greedy
 10402 | D:7      | Killed DungeonDestroyer's ghost
 10402 | D:7      | Reached skill level 6 in Polearms
 10860 | D:8      | Reached skill level 5 in Ice Magic
 10930 | D:8      | Got an opalescent robe
 11008 | D:8      | Noticed a two-headed ogre
 11339 | D:8      | Killed a two-headed ogre
 11339 | D:8      | Reached skill level 7 in Polearms
 11523 | D:8      | Identified the cursed +0 robe "Yvuajas" {Str+2 Int-3 Dex+4
                  | Stlth-} (You found it on level 8 of the Dungeon)
 11695 | D:8      | Reached XP level 10. HP: 79/79 MP: 4/16
 11712 | D:8      | Reached skill level 8 in Polearms
 12027 | D:8      | Noticed Grum
 12036 | D:8      | Killed Grum
 12621 | D:9      | Reached skill level 5 in Air Magic
 12651 | D:9      | Reached skill level 9 in Polearms
 12871 | D:9      | Found a blossoming altar of Fedhas.
 13020 | D:10     | Entered Level 10 of the Dungeon
 13051 | D:10     | Found a staircase to the Lair.
 13136 | D:10     | Noticed a two-headed ogre
 13146 | D:10     | Killed a two-headed ogre
 13405 | D:10     | Found a staircase to the Orcish Mines.
 13738 | D:11     | Noticed a two-headed ogre
 13746 | D:11     | Killed a two-headed ogre
 13746 | D:11     | Reached skill level 10 in Polearms
 13746 | D:11     | Reached XP level 11. HP: 64/89 MP: 9/17
 13981 | D:11     | Noticed a purple ugly thing
 14006 | D:11     | Killed an unseen horror
 14024 | D:11     | Killed a purple ugly thing
 14026 | D:11     | Reached skill level 5 in Spellcasting
 14283 | D:11     | Noticed a cyclops
 14294 | D:11     | Killed a cyclops
 14627 | D:11     | Found Wammaom's Assorted Antiques.
 14634 | D:11     | Bought a scroll of immolation for 87 gold pieces
 14634 | D:11     | Bought a scroll labeled SUASHE VUCKYNEU for 25 gold pieces
 14634 | D:11     | Bought a scroll of teleportation for 75 gold pieces
 14634 | D:11     | Bought a leatherbound book for 375 gold pieces
 14634 | D:11     | Bought a potion of haste for 250 gold pieces
 14634 | D:11     | Bought a scroll labeled HUXZYE FOFFE for 25 gold pieces
 14634 | D:11     | Bought a smoky puce potion for 22 gold pieces
 14634 | D:11     | Bought a runed blowgun for 137 gold pieces
 14651 | D:11     | Noticed a two-headed ogre
 14667 | D:11     | Killed a two-headed ogre
 14796 | D:11     | Noticed a green ugly thing
 14812 | D:11     | Killed a green ugly thing
 15089 | D:12     | Reached skill level 11 in Polearms
 15316 | D:12     | Found Kasizyutt's Food Emporium.
 15459 | D:12     | Found a runed translucent gate.
 15459 | D:12     | Found a runed translucent gate.
 15459 | D:12     | Found a runed translucent gate.
 15459 | D:12     | Found an iron altar of Okawaru.
 15459 | D:12     | Noticed a centaur warrior
 15459 | D:12     | Noticed a naga warrior
 15459 | D:12     | Noticed a merfolk javelineer
 15459 | D:12     | Noticed xccam's ghost (journeyman GnWn)
 15460 | D:12     | Noticed a merfolk impaler
 15460 | D:12     | Noticed a centaur warrior
 15500 | D:12     | Noticed a four-headed hydra
 15507 | D:12     | HP: 3/90 [four-headed hydra (15)]
 15507 | D:12     | Mangled by a four-headed hydra

Skill      XL: |  1  2  3  4  5  6  7  8  9 10 11 |
---------------+----------------------------------+-----
Dodging        | 3 4 5 |  5.9
Fighting       | 1 2 3 4 6 7 9 |  9.8
Spellcasting   | 3 4 5 |  5.7
Summonings     | 5 6 7 |  7.1
Polearms       | 1 5 7 10 11 | 11.2
Ice Magic      | 1 3 5 7 |  7.3
Air Magic      | 2 4 5 |  5.5
Stealth        | |  2.1

Action                   |  1- 3 |  4- 6 |  7- 9 | 10-12 || total
-------------------------+-------+-------+-------+-------++-------
Melee: Club              |    22 |       |       |       ||    22
       Dagger            |    30 |   135 |   148 |       ||   313
       Unarmed           |       |       |     3 |       ||     3
       Trident           |       |       |   261 |   291 ||   552
 Cast: Summon Small Mamm |    19 |       |       |       ||    19
       Call Imp          |    24 |    46 |    44 |     2 ||   116
       Call Canine Famil |       |     3 |     6 |     2 ||    11
       Summon Ice Beast  |       |       |     5 |    16 ||    21
       Summon Lightning  |       |       |       |    31 ||    31
  Use: Scroll            |       |       |    26 |     4 ||    30
 Stab: Sleeping          |     3 |     1 |    10 |     4 ||    18
       Distracted        |       |     1 |     3 |     5 ||     9
  Eat: Chunk             |     6 |    13 |    14 |       ||    33
       Ration            |       |       |     2 |     6 ||     8
Armor: Robe              |     7 |    18 |    42 |    31 ||    98
Dodge: Dodged            |    25 |    80 |   236 |   111 ||   452
